 Dungeon Crawl Stone Soup version 0.26-a0-597-gb535b0901c (webtiles) character file.

Game seed: 13145876336881515050

611754 Murumi the Hoplite (level 27, -15/228 HPs)
             Began as a Formicid Fighter on Aug 25, 2020.
             Was the Champion of Okawaru.
             Demolished by an acid blob (24 damage)
             ... on level 4 of the Pits of Slime on Aug 26, 2020.
             The game lasted 06:18:43 (64370 turns).

Murumi the Hoplite (Formicid Fighter)              Turns: 64370, Time: 06:18:44

Health: -15/228    AC: 37    Str: 23    XL:     27
Magic:  28/34      EV: 11    Int: 17    God:    Okawaru [******]
Gold:   7278       SH: 18    Dex:  8    Spells: 26/26 levels left

rFire    + . .     SeeInvis +   a - +9 triple sword (vorpal)
rCold    + + +     Faith    .   G - +0 kite shield {reflect}
rNeg     . . .     Spirit   .   Z - +12 gold dragon scales
rPois    +         Reflect  +   (helmet unavailable)
rElec    +         Harm     .   K - +0 cloak "Ogadiec" {Str+2 Int-2 Slay+2}
rCorr    +                      C - +0 pair of gloves of Pride {rElec rPois Slay+3}
MR       ++...                  Y - +1 pair of boots {Stlth+}
Stlth    ..........             b - amulet of regeneration
HPRegen  0.88/turn              L - +4 ring of slaying
MPRegen  0.24/turn              U - ring "Gavanum" {rC++ rCorr}

@: heroism, finesse, corroded
A: permanent stasis, dig shafts and tunnels, four strong arms, antennae 3,
hooves 1, blurry vision 1, clumsy 1, screaming 1, weak 1
}: 3/15 runes: decaying, silver, gossamer
a: Dig, Shaft Self, Heroism, Finesse, Renounce Religion


You were on level 4 of the Pits of Slime.
You worshipped Okawaru.
Okawaru was exalted by your worship.
You visited 10 branches of the dungeon, and saw 49 of its levels.
You visited the Abyss 1 time.
You also visited: Bailey and Gauntlet.

You collected 8343 gold pieces.
You spent 1065 gold pieces at shops.

Inventory:

Hand Weapons
 a - a +9 vorpal triple sword (weapon)
 f - a +9 vorpal triple crossbow
 t - the +18 lance "Wyrmbane" {slay drac, rPois rF+ rC+ AC+3}
   (You took it off Margery on level 4 of the Depths)

   It affects your AC (+3).
   It protects you from fire.
   It protects you from cold.
   It protects you from poison.
Missiles
 h - 3525 bolts
Armour
 g - a +2 tower shield of fire resistance
 C - the +0 pair of gloves of Pride (worn) {rElec rPois Slay+3}
   (You acquired it on level 1 of the Spider Nest)

   It affects your accuracy and damage with ranged weapons and melee attacks
   (+3).
   It insulates you from electricity.
   It protects you from poison.
 G - a +0 kite shield of reflection (worn)
 K - the +0 cloak "Ogadiec" (worn) {Str+2 Int-2 Slay+2}
   (You found it on level 1 of the Depths)

   It affects your strength (+2).
   It affects your intelligence (-2).
   It affects your accuracy and damage with ranged weapons and melee attacks
   (+2).
 Y - a +1 pair of boots of stealth (worn)
 Z - +12 gold dragon scales (worn)
Jewellery
 b - an amulet of regeneration (around neck)
 q - an uncursed ring of positive energy
 r - an uncursed amulet of guardian spirit
 B - the ring "Reblir" {rF+ Int+4}
   (You found it on level 3 of the Depths)

   [ring of protection from fire]

   It affects your intelligence (+4).
   It protects you from fire.
 F - an uncursed ring of positive energy
 H - an uncursed ring of protection from magic
 L - a +4 ring of slaying (left hand)
 Q - the ring of Res Nullius {rF+ AC+4}
   (You took it off a spriggan air mage on level 2 of the Depths)

   [ring of protection]

   It affects your AC (+4).
   It protects you from fire.
 T - an uncursed ring of protection from magic
 U - the ring "Gavanum" (right hand) {rC++ rCorr}
   (You acquired it in a bailey)

   [ring of resist corrosion]

   It greatly protects you from cold.
   It provides partial protection from all sources of acid and corrosion.
Wands
 c - a wand of flame (68)
 p - a wand of enslavement (31)
 w - a wand of acid (23)
 x - a wand of disintegration (44)
 y - a wand of polymorph (40)
 A - a wand of iceblast (22)
 R - a wand of paralysis (13)
Scrolls
 e - 32 scrolls of remove curse
 n - 12 scrolls of amnesia
 o - 9 scrolls of fear
 E - 6 scrolls of holy word
 N - 9 scrolls of fog
 O - 29 scrolls of identify
 S - 4 scrolls of magic mapping
 W - 11 scrolls of enchant weapon
 X - 2 scrolls of summoning
Potions
 i - 2 potions of brilliance
 j - 21 potions of curing
 l - 7 potions of cancellation
 m - 13 potions of mutation
 s - 5 potions of ambrosia
 z - 7 potions of resistance
 I - 2 potions of flight
 M - 7 potions of heal wounds
 P - a potion of invisibility
 V - 6 potions of might
Miscellaneous
 d - a condenser vane (2/2)
 k - a box of beasts (2/3)
 u - a phantom mirror
 v - a phial of floods
 D - a lightning rod (4/4)
 J - a tin of tremorstones (2/3)


   Skills:
 - Level 21.0(26.0) Fighting
 - Level 19.0(24.0) Long Blades
 - Level 12.0(17.0) Polearms
 - Level 19.0(24.0) Crossbows
 + Level 20.9(25.9) Armour
 - Level 10.0(15.0) Dodging
 - Level 23.0(27) Shields
 - Level 15.0 Invocations
 - Level 13.0 Evocations


You had 26 spell levels left.
You didn't know any spells.
Your spell library contained the following spells:

 Spells                   Type           Power        Failure   Level
 Animate Skeleton         Necr           #.....       91%         1
 Apportation              Tloc           #.....       91%         1
 Beastly Appendage        Tmut           #.....       91%         1
 Corona                   Hex            #......      91%         1
 Foxfire                  Conj/Fire      #...         91%         1
 Magic Dart               Conj           #...         91%         1
 Pain                     Necr           #...         91%         1
 Sandblast                Erth           #.....       91%         1
 Shock                    Conj/Air       #...         91%         1
 Summon Small Mammal      Summ           #...         91%         1
 Call Imp                 Summ           #.......     97%         2
 Corpse Rot               Necr/Air       N/A          97%         2
 Passwall                 Tmut/Erth      #.......     97%         2
 Searing Ray              Conj           #.....       97%         2
 Slow                     Hex            #.......     97%         2
 Sublimation of Blood     Necr           #.........   97%         2
 Wereblood                Tmut           #.......     97%         2
 Call Canine Familiar     Summ           #.......     100%        3
 Conjure Flame            Conj/Fire      #.......     100%        3
 Dazzling Flash           Conj/Hex       #.....       100%        3
 Ignite Poison            Fire/Tmut/Pois #.......     100%        3
 Inner Flame              Hex/Fire       #.......     100%        3
 Lesser Beckoning         Tloc           #.........   100%        3
 Mephitic Cloud           Conj/Pois/Air  #.......     100%        3
 Portal Projectile        Hex/Tloc       #.....       100%        3
 Spider Form              Tmut/Pois      #.........   100%        3
 Static Discharge         Conj/Air       #.......     100%        3
 Stone Arrow              Conj/Erth      #.....       100%        3
 Summon Guardian Golem    Hex/Summ       #.......     100%        3
 Tukima's Dance           Hex            #.......     100%        3
 Vampiric Draining        Necr           #.........   100%        3
 Animate Dead             Necr           #.........   100%        4
 Cause Fear               Hex            #.........   100%        4
 Dispel Undead            Necr           #.......     100%        4
 Fulminant Prism          Conj/Hex       #.........   100%        4
 Hailstorm                Conj/Ice       #.......     100%        4
 Ice Form                 Ice/Tmut       #.......     100%        4
 Iskenderun's Mystic Bla  Conj/Tloc      #.......     100%        4
 Leda's Liquefaction      Hex/Erth       #.........   100%        4
 Petrify                  Tmut/Erth      #.......     100%        4
 Sticky Flame             Conj/Fire      #.......     100%        4
 Summon Ice Beast         Ice/Summ       #.......     100%        4
 Summon Lightning Spire   Summ/Air       #.......     100%        4
 Agony                    Necr           #.......     100%        5
 Alistair's Intoxication  Tmut/Pois      #........    100%        5
 Blade Hands              Tmut           #.........   100%        5
 Bolt of Magma            Conj/Fire/Erth #.........   100%        5
 Excruciating Wounds      Necr           #.........   100%        5
 Fireball                 Conj/Fire      #.........   100%        5
 Irradiate                Conj/Tmut      #.........   100%        5
 Iskenderun's Battlesphe  Conj           #.......     100%        5
 Lee's Rapid Deconstruct  Erth           #.........   100%        5
 Lightning Bolt           Conj/Air       #.........   100%        5
 Summon Demon             Summ           #.........   100%        5
 Summon Forest            Summ/Tloc      #.........   100%        5
 Summon Mana Viper        Hex/Summ       #.......     100%        5
 Death Channel            Necr           #.........   100%        6
 Eringya's Noxious Bog    Tmut/Pois      #.........   100%        6
 Hydra Form               Tmut           #.........   100%        6
 Invisibility             Hex            #.......     100%        6
 Iron Shot                Conj/Erth      #.........   100%        6
 Shadow Creatures         Summ           N/A          100%        6
 Simulacrum               Ice/Necr       #.........   100%        6
 Statue Form              Tmut/Erth      #........    100%        6
 Orb of Destruction       Conj           #.........   100%        7
 Spellforged Servitor     Conj/Summ      #.........   100%        7
 Summon Hydra             Summ           #.........   100%        7
 Chain Lightning          Conj/Air       #.........   100%        8
 Ignition                 Fire           #.........   100%        8
 Lehudib's Crystal Spear  Conj/Erth      #.........   100%        8
 Absolute Zero            Ice            #.........   100%        9
 Fire Storm               Conj/Fire      #.........   100%        9
 Shatter                  Erth           #.........   100%        9
 Tornado                  Air            #.........   100%        9
 Blink                    Tloc           Unusable     N/A         2

Dungeon Overview and Level Annotations

Branches:
Dungeon (15/15)            Temple (1/1) D:6            Lair (6/6) D:11
  Swamp (4/4) Lair:2       Spider (4/4) Lair:2        Slime (4/5) Lair:6
    Orc (2/2) D:12            Elf (3/3) Orc:2        Vaults (5/5) D:13
  Crypt (0/3) Vaults:2     Depths (5/5) D:15            Zot (0/5) Depths:5
 Bailey (visited)         Gauntlet (visited)

Altars:
Ashenzari
Cheibriados
Dithmenos
Elyvilon
Fedhas
Gozag
Hepliaklqana
Kikubaaqudgha
Makhleb
Nemelex Xobeh
Okawaru
Qazlal
Ru
Sif Muna
Trog
Uskayaw
Vehumet
Wu Jian
Xom
Yredelemnul
Zin
The Shining One
Beogh
Jiyva

Shops:
D:9 }   Orc:2 **(?   Elf:2 [   Vaults:2 [   Depths:1 (   Depths:5 (

Portals:
Hell: Depths:1 Depths:2 Depths:3 Depths:4 Depths:5
Abyss: D:15 Elf:2 Depths:1 Depths:2 Depths:4 Depths:5
Pandemonium: Depths:1 Depths:2 Depths:3 Depths:5
Ziggurat: Depths:5


Innate Abilities, Weirdness & Mutations

You cannot be hasted, slowed, berserked, paralysed or teleported.
You can dig through walls and to a lower floor.
Your four strong arms can wield two-handed weapons with a shield.
You have a pair of large antennae on your head. (SInv)
You have large cloven feet.
Scrolls take you a little longer to read.
You are clumsy. (Dex -2)
You occasionally shout uncontrollably at your foes.
You are weak. (Str -2)


Message History

The bolt of energy hits you!!
* * * LOW HITPOINT WARNING * * *
A slime creature comes into view.
The wall burns your elder batfire beast!
The acid blob hits you but does no damage.
A slime creature comes into view.
The slime creature barely misses you.
Really read with blurry vision while enemies are nearby?
Okay, then.
There are monsters nearby!
Really read with blurry vision while enemies are nearby?
Your elder batfire beast breathes flames at the acid blob.
The blast of flame hits the acid blob!!!
The acid blob dies!
Okawaru accepts your kill.
You begin reading the scroll.
You continue reading the scroll.
Your elder batfire beast hits the acid blob!!
Your elder batfire beast is burned by acid!
The acid blob hits you!!
You die...

J.(.. #....
..(#..### ......
..#G(.#.# .....
......... ..J.
.J......#####J#
JJ...J........#
..J...JH......###
JJJJ..J@J[J.....#
...##...J.......#
#....###....#
##..## ##.J.#
#### ##...#
##....# ##.....#
##≈≈≈≈ #......#
≈≈≈≈≈ ##.....#


You could see an acid blob, a titanic slime creature (fleeing), a large slime
creature, 15 slime creatures, an eye of devastation and a friendly elder batfire
beast (summoned, corroded).

Vanquished Creatures
  The ghost of Paarhy the Hoplite, a legendary MfBe of Trog (Vaults:4)
  An ancient lich (Vaults:5)
  2 juggernauts
  Sojobo (Vaults:3)
  The ghost of Ecihucs the Metallomancer, an adept GrEE of Vehumet (Vaults:1)
  Margery (Depths:4)
  Bai Suzhen (Depths:3)
  A caustic shrike (Depths:5)
  The ghost of Diulozokk the Brawler, a veteran TrMo of Hepliaklqana (Depths:3)
  6 golden dragons
  Jory (Depths:5)
  A profane servitor (Elf:2)
  the Enchantress (Depths:5)
  The ghost of Plog the Tortoise, an adept DDFi of Makhleb (Vaults:4)
  A bone dragon (Depths:5)
  A hellephant (Elf:2)
  Jorgrun (Orc:1)
  A lich (Depths:4)
  2 tentacled monstrosities
  2 quicksilver dragons
  3 titans
  4 deep elf blademasters
  The ghost of Agenuemn the Warrior, an adept OgHu of Ru (Swamp:3)
  6 acid blobs
  Frances (Elf:1)
  2 deep elf master archers (Elf:3)
  Agnes (D:14)
  A tentacled starspawn (Abyss:3)
  Gastronok (D:8)
  9 tengu reavers
  5 azure jellies
  8 sphinxes
  11 shadow dragons
  Donald (Vaults:3)
  3 storm dragons
  6 thorn hunters
  Roxanne (Spider:3)
  A daeva (D:15)
  9 fire giants
  6 deep elf sorcerers
  The ghost of ANON1729 the Warrior, a journeyman DsDe of Dithmenos (Elf:2)
  7 ghost moths
  5 iron dragons
  11 frost giants
  Louise (Depths:2)
  19 vault wardens
  A cacodemon (Elf:2)
  4 emperor scorpions
  2 draconian annihilators (Depths:5)
  2 orc warlords
  3 deep elf elementalists
  The ghost of Kyth the Severer, a journeyman MiFi of Makhleb (D:15)
  2 balrugs
  9 spriggan defenders
  An emperor scorpion (shapeshifter) (Depths:2)
  17 very ugly things
  21 ironheart preservers
  31 stone giants
  2 war gargoyles (Vaults:5)
  3 entropy weavers
  2 vampire knights
  The ghost of Karhoi the Basher, a journeyman MiBe of Trog (Swamp:3)
  An ophan (Abyss:3)
  2 green draconians (Depths:5)
  9 deep elf annihilators
  2 yellow draconians
  11 deep elf demonologists
  A black draconian (Depths:5)
  A minotaur (Gauntlet)
  2 purple draconians (Depths:5)
  13 spark wasps
  A red draconian (Depths:5)
  7 deep elf death magi (Elf:3)
  2 merfolk javelineers
  3 blizzard demons (Depths:3)
  11 ettins
  2 crystal guardians (Elf:2)
  6 jiangshi
  10 fire dragons
  12 great orbs of eyes
  5 deep elf high priests
  26 yaktaur captains
  Josephine (Orc:1)
  23 vault guards
  12 ogre magi
  9 rakshasas
  A hydra (shapeshifter) (Vaults:5)
  Erolcha (Orc:1)
  7 shambling mangroves
  13 ice dragons
  25 hydras
  5 spriggan air magi
  14 centaur warriors
  3 catoblepae (Lair:6)
  12 alligators
  32 two-headed ogres
  35 dancing weapons
  3 death knights
  21 death yaks
  18 deep troll shamans
  3 spriggan berserkers
  4 orc high priests
  3 vampire magi
  8 deep troll earth magi
  Urug (Lair:6)
  8 tengu warriors
  Sonja (Orc:1)
  A sun demon (Abyss:3)
  The ghost of Nast the Geomancer, a novice DEEE of Vehumet (D:10)
  The ghost of Nast the Geomancer, a novice DEEE of Vehumet (D:10)
  The ghost of Nast the Geomancer, a novice DEEE of Vehumet (D:10)
  The ghost of Nast the Geomancer, a novice DEEE of Vehumet (D:10)
  A storm dragon zombie (Depths:1)
  The ghost of Ilyq the Frost Mage, a novice OpIE of Vehumet (D:10)
  25 deep elf knights
  10 skeletal warriors (Vaults:2)
  2 wretched stars (Abyss:3)
  2 shadow wraiths
  23 hell knights
  9 iron trolls
  A fire crab (Gauntlet)
  4 spriggan druids
  4 flayed ghosts
  A golden dragon zombie (Vaults:5)
  2 fire crabs (shapeshifter)
  4 unseen horrors
  A shadow demon (Depths:5)
  12 swamp dragons
  17 deep elf archers
  5 glowing orange brains
  41 deep trolls
  A gelid demonspawn (Depths:2)
  11 wizards
  18 ironbrand convokers
  3 phantasmal warriors
  23 orb spiders
  32 orc knights
  An orb spider (shapeshifter) (Depths:3)
  Pikel (D:5)
  58 ugly things
  8 necromancers
  37 wolf spiders
  6 shining eyes
  2 sphinx zombies
  69 deep elf magi
  7 oklob plants
  3 orc sorcerers
  A harpy (shapeshifter) (Vaults:4)
  2 manticores (Lair:6)
  A faun (shapeshifter) (Depths:1)
  4 moths of wrath
  6 cyclopes
  2 manticores (shapeshifter)
  A worldbinder (D:15)
  5 elephants (Lair:6)
  A black mamba (shapeshifter) (Depths:2)
  3 centaur zombies
  2 rust devils (Depths:1)
  2 frost giant skeletons
  A titan simulacrum (Vaults:5)
  4 apocalypse crabs
  2 black mambas
  10 vault sentinels
  2 torpor snails
  5 smoke demons
  2 gargoyles (D:14)
  26 cane toads
  A yaktaur zombie (Vaults:5)
  An eye of devastation (Slime:4)
  A hellion (Depths:2)
  A storm dragon simulacrum (Abyss:3)
  A kobold demonologist (D:12)
  A yaktaur (shapeshifter) (Elf:1)
  15 demonic crawlers
  2 efreet
  A human zombie (Vaults:5)
  A spark wasp simulacrum (Depths:3)
  6 komodo dragons
  3 red devils
  A tormentor (Abyss:3)
  2 golden dragon simulacra (Depths:3)
  4 ice devils
  8 freezing wraiths
  86 yaktaurs
  6 tengu conjurers
  An elf skeleton (Depths:1)
  2 ancient zymes (Abyss:3)
  59 jumping spiders
  A meliai (shapeshifter) (Vaults:5)
  10 trolls
  41 hornets
  3 meliai (D:10)
  A troll (shapeshifter) (Vaults:4)
  10 blink frogs
  2 hornets (shapeshifter)
  6 tyrant leeches
  2 polar bears (Lair:2)
  Grinder (D:4)
  An ettin zombie (Depths:1)
  10 raiju
  A hippogriff (shapeshifter) (Depths:5)
  A blink frog (shapeshifter) (Vaults:1)
  12 hippogriffs
  107 slime creatures
  6 bog bodies
  A dream sheep (shapeshifter) (Depths:1)
  A stone giant simulacrum (Depths:3)
  105 redbacks
  A deep troll zombie (Depths:1)
  19 spriggans
  3 shadows
  Sigmund (D:5)
  A redback (shapeshifter) (Elf:3)
  13 wraiths
  An air elemental (Elf:1)
  A vampire (D:13)
  4 ynoxinuls
  38 tarantellas
  A tarantella (shapeshifter) (Vaults:1)
  3 wyverns
  5 fire elementals
  A human (shapeshifter) (Depths:3)
  5 basilisks
  7 water elementals
  6 fire bats (Gauntlet)
  39 yaks
  2 chaos spawn
  6 small abominations (Abyss:3)
  7 vampire mosquitoes
  A two-headed ogre zombie (D:12)
  A neqoxec (Abyss:3)
  A spriggan simulacrum (Depths:3)
  11 insubstantial wisps
  16 swamp worms
  8 large abominations
  3 wargs
  A hell hound (Gauntlet)
  3 acid dragons
  11 water moccasins
  11 porcupines
  13 swamp drakes
  55 orc warriors
  A sky beast (D:9)
  2 hornet zombies (D:15)
  6 eyes of draining
  6 ice beasts
  6 starcursed masses (Abyss:3)
  4 black bears
  An ettin simulacrum (Depths:2)
  13 boggarts
  An elf simulacrum (Depths:3)
  4 phantoms
  31 ogres
  28 centaurs
  12 crocodiles
  A big kobold (shapeshifter) (Vaults:2)
  2 human simulacra
  15 bullfrogs
  A glowing shapeshifter simulacrum (Depths:3)
  A wyvern zombie (D:14)
  An earth elemental (Elf:1)
  5 scorpions
  A water moccasin zombie (D:8)
  A troll zombie (D:12)
  2 jellies (D:9)
  20 wights
  A howler monkey (D:4)
  2 electric eels
  A quasit (Abyss:3)
  4 centaur skeletons
  20 orc priests
  4 bullfrog skeletons
  10 hounds
  22 orc wizards
  6 iron imps
  Natasha (thrice) (D:4)
  Terence (D:3)
  5 iguanas
  7 worker ants
  6 hell rats (Lair:6)
  A killer bee zombie (D:5)
  6 ogre zombies (D:12)
  A hound zombie (D:9)
  A hound skeleton (D:5)
  A worker ant zombie (D:7)
  A howler monkey zombie (D:9)
  7 gnolls
  17 adders
  A shadow imp (Depths:1)
  3 white imps
  2 ufetubi
  3 oozes
  An adder skeleton (D:9)
  6 worms
  4 dart slugs
  5 leopard geckos
  125 orcs
  6 giant cockroaches
  4 goblins
  6 hobgoblins
  9 jackals
  5 quokkas
  10 bats
  8 frilled lizards
  A goblin skeleton (D:12)
  A goblin zombie (D:12)
  A hobgoblin skeleton (D:12)
  4 hobgoblin zombies (D:12)
  A jackal skeleton (D:5)
  4 kobolds
  2 leopard gecko skeletons
  A leopard gecko zombie (D:9)
  3 orc skeletons (D:12)
  15 orc zombies (D:12)
  A quokka skeleton (D:5)
  9 rats
  2 crawling corpses
2535 creatures vanquished.

Vanquished Creatures (collateral kills)
  An acid blob (Slime:4)
  A deep elf death mage (Vaults:4)
  9 vault guards (Vaults:5)
  An ironbrand convoker (Vaults:5)
12 creatures vanquished.

Vanquished Creatures (others)
  A hydra (Swamp:4)
  2 tarantellas (Spider:4)
  A water elemental (Elf:1)
  A small abomination (Abyss:3)
  An orc priest (Vaults:5)
  2 orc wizards
  A shadow imp (Depths:1)
  4 bushes
  41 fungi
  85 plants
  2 starspawn tentacles (Abyss:3)
  6 withered plants (Swamp:3)
147 creatures vanquished.

Grand Total: 2694 creatures vanquished

Notes
Turn   | Place    | Note
-------+----------+-------------------------------------------
     0 | D:1      | Murumi the Formicid Fighter began the quest for the Orb.
     0 | D:1      | Reached XP level 1. HP: 18/18 MP: 1/1
   108 | D:1      | Reached skill level 1 in Dodging
   186 | D:1      | Reached XP level 2. HP: 23/24 MP: 2/2
   189 | D:1      | Reached skill level 4 in Shields
   438 | D:1      | Reached XP level 3. HP: 27/29 MP: 3/3
   797 | D:2      | Found a shattered altar of Ashenzari.
   957 | D:2      | Reached XP level 4. HP: 37/37 MP: 4/4
   960 | D:2      | Found a glowing silver altar of Zin.
  1425 | D:2      | Found a snail-covered altar of Cheibriados.
  1565 | D:2      | Reached XP level 5. HP: 42/42 MP: 5/5
  2142 | D:3      | Reached skill level 5 in Shields
  2202 | D:3      | Found a burning altar of Makhleb.
  2203 | D:3      | Found a bloodstained altar of Trog.
  2204 | D:3      | Found a blossoming altar of Fedhas.
  2205 | D:3      | Found a shattered altar of Ashenzari.
  2246 | D:3      | Reached skill level 1 in Evocations
  2325 | D:3      | Noticed Terence
  2356 | D:3      | Killed Terence
  2504 | D:3      | Reached XP level 6. HP: 43/48 MP: 6/6
  3414 | D:4      | Noticed a phantom
  3446 | D:4      | Killed a phantom
  3561 | D:4      | Reached skill level 5 in Fighting
  3561 | D:4      | Reached XP level 7. HP: 52/56 MP: 7/7
  3728 | D:4      | Reached skill level 5 in Armour
  4034 | D:4      | Reached skill level 6 in Shields
  4264 | D:4      | Noticed Grinder
  4271 | D:4      | Killed Grinder
  4271 | D:4      | Reached skill level 7 in Shields
  4271 | D:4      | Reached XP level 8. HP: 62/62 MP: 8/8
  4311 | D:4      | Noticed Natasha
  4319 | D:4      | Killed Natasha
  4497 | D:5      | Entered Level 5 of the Dungeon
  4537 | D:4      | Noticed Natasha
  4548 | D:4      | Killed Natasha
  4646 | D:4      | Noticed Natasha
  4652 | D:4      | Killed Natasha
  4962 | D:5      | Found an ornate altar of the Wu Jian Council.
  5027 | D:5      | Noticed Pikel
  5035 | D:5      | Reached skill level 5 in Long Blades
  5050 | D:5      | Killed Pikel
  5050 | D:5      | Reached skill level 8 in Shields
  5050 | D:5      | Reached XP level 9. HP: 48/71 MP: 9/9
  5267 | D:5      | Noticed Sigmund
  5276 | D:5      | Found a shimmering blue altar of Sif Muna.
  5948 | D:6      | Found a stormy altar of Qazlal.
  6112 | D:6      | Found a staircase to the Ecumenical Temple.
  6121 | Temple   | Entered the Ecumenical Temple
  6578 | Temple   | Became a worshipper of Warmaster Okawaru
  6737 | D:6      | Found a sacrificial altar of Ru.
  6880 | D:6      | Found an opulent altar of Gozag.
  6891 | D:6      | Found a sparkling altar of Nemelex Xobeh.
  7192 | D:7      | Reached skill level 1 in Invocations
  7222 | D:7      | Found a hide-covered altar of Uskayaw.
  7276 | D:7      | Noticed an unseen horror
  7310 | D:7      | Killed an unseen horror
  7310 | D:7      | Reached * piety under Okawaru
  7552 | D:7      | Reached XP level 10. HP: 79/79 MP: 13/13
  7941 | D:7      | Reached skill level 9 in Shields
  8135 | D:8      | Noticed Gastronok
  8167 | D:8      | Killed Gastronok
  8167 | D:8      | Reached ** piety under Okawaru
  8167 | D:8      | Reached *** piety under Okawaru
  8167 | D:8      | Reached skill level 5 in Invocations
  8506 | D:8      | Reached **** piety under Okawaru
  8994 | D:5      | Killed Sigmund
  9177 | D:8      | Reached XP level 11. HP: 84/89 MP: 14/14
  9720 | D:9      | Found Imiwkom's Gadget Boutique.
  9933 | D:9      | Found a glowing golden altar of the Shining One.
 10065 | D:10     | Entered Level 10 of the Dungeon
 10181 | D:10     | Reached skill level 10 in Shields
 10181 | D:10     | Reached skill level 1 in Crossbows
 10321 | D:10     | Noticed an unseen horror
 10366 | D:10     | Killed an unseen horror
 10366 | D:10     | Reached ***** piety under Okawaru
 10764 | D:10     | Found a runed translucent gate.
 10765 | D:10     | Found a runed translucent gate.
 10766 | D:10     | Found a runed translucent gate.
 10767 | D:10     | Noticed Nast's ghost (novice DEEE)
 10767 | D:10     | Noticed Nast's ghost (novice DEEE)
 10767 | D:10     | Noticed Ilyq's ghost (novice OpIE)
 10767 | D:10     | Noticed Nast's ghost (novice DEEE)
 10767 | D:10     | Noticed Nast's ghost (novice DEEE)
 10798 | D:10     | Killed Nast's ghost
 10798 | D:10     | Received a gift from Okawaru
 10798 | D:10     | Reached skill level 5 in Crossbows
 10819 | D:10     | Killed Ilyq's ghost
 10828 | D:10     | Killed Nast's ghost
 10828 | D:10     | Received a gift from Okawaru
 10837 | D:10     | Killed Nast's ghost
 10842 | D:10     | Killed Nast's ghost
 11086 | D:11     | Reached XP level 12. HP: 84/95 MP: 15/15
 11130 | D:11     | Found a shimmering altar of Xom.
 11131 | D:11     | Found a shimmering altar of Xom.
 11132 | D:11     | Found a shimmering altar of Xom.
 11133 | D:11     | Found a shimmering altar of Xom.
 11133 | D:11     | Found a shimmering altar of Xom.
 11133 | D:11     | Found a shimmering altar of Xom.
 11133 | D:11     | Found a shimmering altar of Xom.
 11133 | D:11     | Found a shimmering altar of Xom.
 11161 | D:11     | Noticed an unseen horror
 11182 | D:11     | Killed an unseen horror
 11494 | D:11     | Reached skill level 5 in Evocations
 11539 | D:11     | Noticed a two-headed ogre
 11543 | D:11     | Killed a two-headed ogre
 11608 | D:11     | Found a staircase to the Lair.
 11700 | Lair:1   | Entered Level 1 of the Lair of Beasts
 11969 | Lair:1   | Noticed an eight-headed hydra
 11987 | Lair:1   | Killed an eight-headed hydra
 11987 | Lair:1   | Received a gift from Okawaru
 12146 | Lair:1   | Noticed a five-headed hydra
 12152 | Lair:1   | Killed a five-headed hydra
 12152 | Lair:1   | Reached skill level 10 in Fighting
 12296 | Lair:1   | Received a gift from Okawaru
 12863 | Lair:1   | Reached skill level 10 in Armour
 12880 | Lair:1   | Received a gift from Okawaru
 12880 | Lair:1   | Reached XP level 13. HP: 72/103 MP: 17/17
 13117 | Lair:2   | Found the cursed +14 obsidian axe {vorpal, +Fly SInv
                  | *Curse}
 13119 | Lair:2   | Found a staircase to the Swamp.
 13279 | Lair:2   | Found a hole to the Spider Nest.
 13287 | Lair:2   | Reached skill level 11 in Shields
 14600 | Lair:3   | Received a gift from Okawaru
 14675 | Lair:3   | Reached skill level 12 in Shields
 15652 | Lair:4   | Noticed a five-headed hydra
 15662 | Lair:4   | Noticed a five-headed hydra
 15676 | Lair:4   | Killed a five-headed hydra
 15678 | Lair:4   | Killed a five-headed hydra
 15805 | Lair:4   | Reached XP level 14. HP: 63/113 MP: 17/19
 15812 | Lair:4   | Reached skill level 10 in Long Blades
 16041 | Lair:4   | You fall into a shaft and drop 2 floors!
 16041 | Lair:6   | Entered Level 6 of the Lair of Beasts
 16487 | Lair:4   | Received a gift from Okawaru
 16487 | Lair:4   | Reached skill level 10 in Crossbows
 17469 | Lair:5   | Received a gift from Okawaru
 17536 | Lair:5   | Reached skill level 5 in Dodging
 17557 | Lair:5   | Received a gift from Okawaru
 17841 | Lair:6   | Noticed Urug
 17857 | Lair:5   | Reached ****** piety under Okawaru
 18087 | Lair:6   | Killed Urug
 18238 | Lair:6   | Reached skill level 13 in Shields
 18247 | Lair:6   | Received a gift from Okawaru
 18501 | Lair:6   | Received a gift from Okawaru
 18557 | Lair:6   | Received a gift from Okawaru
 18707 | Lair:6   | Reached XP level 15. HP: 90/120 MP: 21/21
 19260 | Lair:6   | Found a viscous altar of Jiyva.
 19260 | Lair:6   | Found a staircase to the Slime Pits.
 19710 | D:12     | Found a gate leading to a gauntlet.
 19719 | Gauntlet | Entered a Gauntlet
 19719 | Gauntlet | Found a transporter.
 19719 | Gauntlet | Found a transporter.
 19719 | Gauntlet | Found a transporter.
 19720 | Gauntlet | Found a transporter.
 19723 | Gauntlet | Found a transporter.
 19723 | Gauntlet | Found a transporter.
 19733 | Gauntlet | Found a transporter.
 19737 | Gauntlet | Found a transporter.
 19747 | Gauntlet | Found a transporter.
 19854 | Gauntlet | Found a transporter.
 19855 | Gauntlet | Found a transporter.
 19865 | Gauntlet | Found a transporter.
 20107 | Gauntlet | Got a scintillating iron ring
 20108 | Gauntlet | Identified the ring "Hezomar" {Fire rElec MP+9 Dex-4
                  | Stlth+} (You found it in a Gauntlet)
 20217 | Gauntlet | Got a wavering amber ring
 20218 | Gauntlet | Identified the ring "Fuvimostu" {*Corrode MR++ Str-5 Slay+4
                  | Stlth+} (You found it in a Gauntlet)
 20254 | Gauntlet | Identified the +6 rapier of Aneosoan {speed, Int+7}
 20328 | Gauntlet | Got a smoking tower shield
 20338 | Gauntlet | Identified the +4 tower shield "Tanisug" {rElec Int+4 Dex-3
                  | SInv} (You found it in a Gauntlet)
 20492 | D:12     | Received a gift from Okawaru
 20553 | D:12     | Found the +5 scythe "Finisher" {speed, eviscerate}
 20878 | D:12     | Received a gift from Okawaru
 21056 | D:12     | Found a staircase to the Orcish Mines.
 21251 | Orc:1    | Entered Level 1 of the Orcish Mines
 21324 | Orc:1    | Found a transporter.
 21328 | Orc:1    | Found a transporter.
 21344 | Orc:1    | Noticed an orc warlord
 21346 | Orc:1    | Found a roughly hewn altar of Beogh.
 21376 | Orc:1    | Found a roughly hewn altar of Beogh.
 21379 | Orc:1    | Noticed Jorgrun
 21407 | Orc:1    | Killed Jorgrun
 21554 | Orc:1    | Noticed Erolcha
 21567 | Orc:1    | Killed Erolcha
 21661 | Orc:1    | Found a roughly hewn altar of Beogh.
 21716 | Orc:1    | Noticed Sonja
 21790 | Orc:1    | Noticed Josephine
 21793 | Orc:1    | Killed Josephine
 22048 | Orc:1    | Reached skill level 14 in Shields
 22048 | Orc:1    | Killed Sonja
 22048 | Orc:1    | Killed an orc warlord
 22065 | Orc:1    | Reached XP level 16. HP: 107/127 MP: 17/22
 22116 | Orc:1    | Got an ancient bone ring
 22117 | Orc:1    | Identified the ring of the Princess {rPois rC- AC+4 Int+4}
                  | (You found it on level 1 of the Orcish Mines)
 22176 | Orc:2    | Entered Level 2 of the Orcish Mines
 22348 | Orc:2    | Found a staircase to the Elven Halls.
 22763 | Orc:2    | Received a gift from Okawaru
 22804 | Orc:2    | Found Legiag's Antique Weapon Boutique.
 22804 | Orc:2    | Found Zuidyff's General Store.
 22807 | Orc:2    | Found Efrolav's Assorted Antiques.
 22809 | Orc:2    | Found Veir's Magic Scroll Shop.
 22813 | Orc:2    | Bought a runed triple sword for 273 gold pieces
 22813 | Orc:2    | Bought a crude falchion for 168 gold pieces
 22813 | Orc:2    | Identified the +8 falchion of Conformity {vamp, +Rage
                  | Int+2} (You bought it in a shop on level 2 of the Orcish
                  | Mines)
 22819 | Orc:2    | Bought a scroll of identify for 28 gold pieces
 22819 | Orc:2    | Bought a potion of resistance for 140 gold pieces
 22821 | Orc:2    | Bought a scroll labeled RUEPYLU NUIPP for 16 gold pieces
 22822 | Orc:2    | Bought a condenser vane (2/2) for 320 gold pieces
 23059 | Orc:2    | Found a roughly hewn altar of Beogh.
 23554 | D:13     | Found a burning altar of Makhleb.
 23725 | D:13     | Found a gate to the Vaults.
 24004 | D:13     | Received a gift from Okawaru
 24222 | D:13     | Found a shadowy altar of Dithmenos.
 24515 | D:13     | Received a gift from Okawaru
 24718 | D:14     | Noticed Agnes
 24746 | D:14     | Killed Agnes
 24746 | D:14     | Received a gift from Okawaru
 24752 | D:14     | Reached skill level 15 in Shields
 24792 | D:14     | Found a flagged portal.
 24801 | Bailey   | Entered a bailey
 24931 | Bailey   | Identified a scroll of acquirement
 24931 | Bailey   | Acquired the ring "Gavanum" {rC++ rCorr}
 26285 | D:15     | Entered Level 15 of the Dungeon
 26473 | D:15     | Reached XP level 17. HP: 115/136 MP: 23/23
 26487 | D:15     | Received a gift from Okawaru
 26525 | D:15     | Found a staircase to the Depths.
 26616 | D:15     | Received a gift from Okawaru
 26836 | D:15     | Found a transporter.
 26882 | D:15     | Received a gift from Okawaru
 26908 | D:15     | Reached skill level 10 in Invocations
 26993 | D:15     | Identified the +9 great mace of Kumoogga {distort, Int+2}
 27057 | D:15     | Found a transporter.
 27069 | D:15     | Found a one-way gate to the infinite horrors of the Abyss.
 27069 | D:15     | Noticed Kyth's ghost (journeyman MiFi)
 27350 | D:15     | Found an opulent altar of Gozag.
 27571 | D:15     | Killed Kyth's ghost
 27926 | Swamp:1  | Entered Level 1 of the Swamp
 28165 | Swamp:1  | Received a gift from Okawaru
 28672 | Swamp:2  | Noticed a thorn hunter
 28687 | Swamp:2  | Killed a thorn hunter
 30247 | Swamp:3  | Reached skill level 16 in Shields
 30503 | Swamp:2  | Reached XP level 18. HP: 137/146 MP: 25/25
 30720 | Swamp:3  | Received a gift from Okawaru
 30948 | Swamp:3  | Found a runed translucent gate.
 30948 | Swamp:3  | Found a runed translucent gate.
 30948 | Swamp:3  | Found a runed translucent gate.
 30948 | Swamp:3  | Noticed Karhoi's ghost (journeyman MiBe)
 30949 | Swamp:3  | Noticed Agenuemn's ghost (adept OgHu)
 31442 | Swamp:3  | Killed Agenuemn's ghost
 31464 | Swamp:3  | Killed Karhoi's ghost
 31522 | Swamp:4  | Entered Level 4 of the Swamp
 31694 | Swamp:4  | Received a gift from Okawaru
 31990 | Swamp:4  | Reached skill level 15 in Fighting
 32538 | Swamp:4  | Reached skill level 15 in Armour
 32538 | Swamp:4  | Reached XP level 19. HP: 121/155 MP: 26/26
 32739 | Swamp:4  | Received a gift from Okawaru
 32792 | Swamp:4  | Got a decaying rune of Zot
 33038 | Spider:1 | Entered Level 1 of the Spider Nest
 33286 | Spider:1 | You fall into a shaft and drop 1 floor!
 33561 | Spider:1 | Acquired the +0 pair of gloves of Pride {rElec rPois
                  | Slay+3}
 33626 | Spider:1 | Reached skill level 17 in Shields
 34922 | Spider:2 | Reached skill level 10 in Evocations
 35773 | Spider:3 | Received a gift from Okawaru
 36718 | Spider:3 | Noticed Roxanne
 36893 | Spider:3 | Killed Roxanne
 36923 | Spider:4 | Entered Level 4 of the Spider Nest
 36928 | Spider:3 | Reached XP level 20. HP: 162/162 MP: 28/28
 37727 | Spider:4 | Received a gift from Okawaru
 37728 | Spider:4 | Got a masterwork hand crossbow {god gift}
 37728 | Spider:4 | Identified the +7 hand crossbow "Awokk" {venom, Stlth+}
                  | (Okawaru gifted it to you on level 4 of the Spider Nest)
 37745 | Spider:4 | Reached skill level 18 in Shields
 38651 | Spider:4 | Received a gift from Okawaru
 38762 | Spider:4 | Got a gossamer rune of Zot
 39277 | Depths:1 | Entered Level 1 of the Depths
 39410 | Depths:1 | Found a gateway to Hell.
 39421 | Depths:1 | Received a gift from Okawaru
 39584 | Depths:1 | Found a one-way gate leading to the halls of Pandemonium.
 39627 | Depths:1 | Reached XP level 21. HP: 122/172 MP: 29/29
 39842 | Depths:1 | Received a gift from Okawaru
 40317 | Depths:1 | Identified the +0 cloak "Ogadiec" {Str+2 Int-2 Slay+2} (You
                  | found it on level 1 of the Depths)
 40371 | Depths:1 | Found Idecredgh's Antique Weapon Boutique.
 40681 | Depths:2 | Received a gift from Okawaru
 40881 | Depths:2 | Reached skill level 15 in Long Blades
 40978 | Depths:2 | Noticed Louise
 40993 | Depths:2 | Killed Louise
 41592 | Depths:2 | Reached skill level 15 in Crossbows
 41787 | Depths:2 | Reached XP level 22. HP: 170/181 MP: 30/30
 41795 | Depths:2 | Received a gift from Okawaru
 41833 | Depths:2 | Noticed a golden dragon
 41842 | Depths:2 | Killed a golden dragon
 41922 | Depths:2 | Received a gift from Okawaru
 41944 | Depths:2 | Noticed a juggernaut
 41966 | Depths:2 | Killed a juggernaut
 41966 | Depths:2 | Received a gift from Okawaru
 41988 | Depths:2 | Reached skill level 19 in Shields
 42146 | Depths:2 | Identified the cursed +0 robe "Otseq" {Stlth+}
 42146 | Depths:2 | Identified the ring of Res Nullius {rF+ AC+4}
 43256 | Depths:3 | Found a runed translucent gate.
 43256 | Depths:3 | Found a runed translucent gate.
 43256 | Depths:3 | Found a runed translucent gate.
 43288 | Depths:3 | Received a gift from Okawaru
 43350 | Depths:3 | Received a gift from Okawaru
 43359 | Depths:3 | Identified the ring "Qeacizei" {Ice rN+ Dex+4}
 43359 | Depths:3 | Noticed Bai Suzhen
 43385 | Depths:3 | Killed Bai Suzhen
 43742 | Depths:3 | Noticed Diulozokk's ghost (veteran TrMo)
 43920 | Depths:3 | Noticed a golden dragon
 43923 | Depths:3 | Killed a golden dragon
 43923 | Depths:3 | Reached XP level 23. HP: 190/190 MP: 32/32
 44464 | Orc:2    | Bought a scroll of enchant armour for 120 gold pieces
 44863 | Depths:3 | Received a gift from Okawaru
 45020 | Depths:3 | Killed Diulozokk's ghost
 45047 | Depths:3 | Received a gift from Okawaru
 45198 | Depths:3 | Got a serpentine brass ring
 45199 | Depths:3 | Identified the ring "Reblir" {rF+ Int+4} (You found it on
                  | level 3 of the Depths)
 45281 | Depths:4 | Received a gift from Okawaru
 45285 | Depths:4 | Got a pair of twisted boots {god gift}
 45295 | Depths:4 | Identified the +0 pair of boots of Moen {+Fly} (Okawaru
                  | gifted it to you on level 4 of the Depths)
 46161 | Depths:4 | Noticed Margery
 46166 | Depths:4 | Killed Margery
 46536 | Depths:5 | Entered Level 5 of the Depths
 46536 | Depths:5 | Noticed a juggernaut
 46551 | Depths:4 | Killed a juggernaut
 46846 | Depths:5 | Found a gate to the Realm of Zot.
 46871 | Depths:5 | Received a gift from Okawaru
 46964 | Depths:5 | Received a gift from Okawaru
 46982 | Depths:5 | Noticed Jory
 46993 | Depths:5 | Killed Jory
 46993 | Depths:5 | Reached XP level 24. HP: 192/197 MP: 26/32
 47004 | Depths:5 | Reached skill level 20 in Shields
 47332 | Depths:5 | Found a gateway to a ziggurat.
 47813 | Depths:5 | Noticed a caustic shrike
 47833 | Depths:5 | Killed a caustic shrike
 48144 | Depths:5 | Identified Kikubaaqudgha's Disquisition on Unholy Rituals
 48182 | Depths:5 | Noticed the Enchantress
 48194 | Depths:5 | Received a gift from Okawaru
 48233 | Depths:5 | Killed the Enchantress
 48437 | Depths:5 | Found Entaelui's Weapon Boutique.
 48659 | Depths:5 | Received a gift from Okawaru
 49448 | Elf:1    | Entered Level 1 of the Elven Halls
 49450 | Elf:1    | Noticed Frances
 49462 | Elf:1    | Killed Frances
 49526 | Elf:1    | You fall into a shaft and drop 1 floor!
 49548 | Elf:2    | Found Copi's Armour Shoppe.
 49705 | Elf:1    | Reached XP level 25. HP: 205/205 MP: 32/32
 50631 | Elf:2    | Found a transporter.
 50752 | Elf:2    | Found a runed translucent gate.
 50753 | Elf:2    | Found a runed translucent gate.
 50754 | Elf:2    | Found a runed translucent gate.
 50917 | Elf:2    | Identified the +5 rapier of World Downfall {distort, rElec
                  | Str+4}
 50921 | Elf:2    | Found a transporter.
 50930 | Elf:2    | Noticed ANON1729's ghost (journeyman DsDe)
 51298 | Elf:2    | Killed ANON1729's ghost
 51304 | Elf:2    | Cast into level 3 of the Abyss (deep elf blademaster)
 51677 | Abyss:3  | Received a gift from Okawaru
 51741 | Abyss:3  | Gained mutation: Scrolls take you a little longer to read.
                  | [a neqoxec]
 51824 | Elf:2    | Escaped the Abyss
 51937 | Elf:2    | Reached skill level 21 in Shields
 52349 | Elf:2    | Reached skill level 10 in Dodging
 52525 | Elf:3    | Entered Level 3 of the Elven Halls
 52757 | Elf:3    | Reached XP level 26. HP: 215/215 MP: 33/33
 52997 | Elf:3    | Reached skill level 1 in Polearms
 53040 | Elf:3    | Received a gift from Okawaru
 53233 | Elf:3    | Reached skill level 5 in Polearms
 53286 | Elf:3    | Identified the +7 quarterstaff of Drought {flame, rPois
                  | Str+4}
 53459 | Elf:3    | Found the +10 zealot's sword {holy, *Rage rN+ EV+3}
 53587 | Elf:3    | Identified the +2 leather armour of Good Intentions {rPois
                  | rC++ Int-3 Dex+2}
 53635 | Elf:3    | Identified Sif Muna's Catalogue of Lethal Stones
 54164 | Vaults:1 | Entered Level 1 of the Vaults
 54263 | Vaults:1 | Received a gift from Okawaru
 54417 | Vaults:1 | Found a runed translucent door.
 54688 | Vaults:1 | Reached skill level 10 in Polearms
 54784 | Vaults:1 | Acquired 1180 gold pieces
 56018 | Vaults:1 | Noticed Ecihucs's ghost (adept GrEE)
 56025 | Vaults:1 | Killed Ecihucs's ghost
 56267 | Vaults:2 | Reached XP level 27. HP: 197/221 MP: 33/33
 56573 | Vaults:2 | Found a staircase to the Crypt.
 56691 | Vaults:2 | Received a gift from Okawaru
 57042 | Vaults:2 | Found Eloleli's Armour Emporium.
 57815 | Vaults:3 | Received a gift from Okawaru
 58087 | Vaults:3 | Noticed Donald
 58101 | Vaults:3 | Killed Donald
 58161 | Vaults:3 | Received a gift from Okawaru
 58184 | Vaults:3 | Noticed Sojobo
 58224 | Vaults:3 | Killed Sojobo
 58551 | Vaults:3 | Reached skill level 22 in Shields
 58922 | Vaults:3 | Received a gift from Okawaru
 59896 | Vaults:4 | Found a large runed translucent door.
 59896 | Vaults:4 | Found a large runed translucent door.
 59896 | Vaults:4 | Noticed Paarhy's ghost (legendary MfBe)
 59896 | Vaults:4 | Noticed Plog's ghost (adept DDFi)
 60053 | Vaults:4 | Received a gift from Okawaru
 60791 | Vaults:4 | Killed Paarhy's ghost
 60810 | Vaults:4 | Killed Plog's ghost
 60904 | Vaults:5 | Entered Level 5 of the Vaults
 60910 | Vaults:5 | Received a gift from Okawaru
 60927 | Vaults:5 | Received a gift from Okawaru
 61187 | Vaults:5 | Received a gift from Okawaru
 61196 | Vaults:5 | Reached skill level 23 in Shields
 61208 | Vaults:5 | Received a gift from Okawaru
 61222 | Vaults:5 | Reached skill level 15 in Invocations
 61662 | Vaults:5 | Identified the +8 chain mail "Pema" {MR+ Dex+3}
 61995 | Vaults:5 | Received a gift from Okawaru
 62006 | Vaults:5 | Identified the +5 war axe of the Hierophant {freeze, Int+3
                  | Dex+4}
 62344 | Vaults:5 | Received a gift from Okawaru
 62491 | Vaults:5 | Got a silver rune of Zot
 62615 | Vaults:5 | Identified the +3 buckler of Kilejaczyomm {rPois Regen+
                  | rCorr Int-3} (You found it on level 5 of the Vaults)
 62783 | Vaults:5 | Noticed an ancient lich
 62789 | Vaults:5 | Killed an ancient lich
 63026 | Vaults:5 | Found the +6 arbalest "Damnation" {damnation}
 63804 | Slime:1  | Entered Level 1 of the Pits of Slime
 63804 | Slime:1  | Found a viscous altar of Jiyva.
 63977 | Slime:1  | Gained mutation: You have large cloven feet. [a shining
                  | eye]
 64303 | Slime:4  | Gained mutation: You are clumsy. (Dex -2) [a shining eye]
 64329 | Slime:4  | Gained mutation: You are weak. (Str -2) [a shining eye]
 64337 | Slime:4  | Gained mutation: You occasionally shout uncontrollably at
                  | your foes. [a shining eye]
 64341 | Slime:4  | Received a gift from Okawaru
 64366 | Slime:4  | HP: 10/228 [acid blob (8)]
 64370 | Slime:4  | Demolished by an acid blob

Illustrated notes

Levels and vault maps discovered:
D:1:      minmay_arrival_four_houses, layout_rooms, minivault_19
D:2:      layout_basic, zin_academy, marbit_many_paths, evilmike_ruin_ashenzari
D:3:      layout_basic, chequers_temple_overflow_statue_of_worship,
          minmay_randomly_rotated_circles, uniq_terence
D:4:      layout_basic, grunt_ministairs_4, uniq_grinder, uniq_natasha
D:5:      layout_loops_corners, kennysheep_mini, tgw_sif, chequers_mini_garden,
          uniq_sigmund, uniq_pikel
D:6:      layout_loops_ring, grunt_temple_overflow_opulence,
          kennysheep_mini_moat, kennysheep_little_box,
          minmay_temple_entry_poolview
D:7:      layout_basic, nicolae_overflow_crystal_walls, mrwooster_statue_mirror,
          skrybe_limestone_x
D:8:      layout_cave_pods, uniq_gastronok
D:9:      layout_roguey, serial_shops, nicolae_shop_crystal, lemuel_statue_altar
D:10:     layout_rooms, gammafunk_ghost_cemetery, minmay_strange_pillars,
          st_stairs_6, kennysheep_small_square
D:11:     layout_gridville, lair_entry_dummy, xom_redecorated
D:12:     layout_roguey, zombieorc2_lemuel, gauntlet_entry_generic,
          minmay_guarded_unrand_finisher
D:13:     layout_long_grid, david_vaults_2, basic_altar,
          nicolae_dithmenos_shadow_blocks
D:14:     layout_layer_cave, enter_bailey_8, dk_noncrumbling_4,
          hangedman_decor_diamond_cutter, uniq_agnes
D:15:     hangedman_depths_entry_civil_slaughter, layout_basic,
          gammafunk_ghost_abyssal_escape, minmay_fountain_box,
          nicolae_gozag_cash_rules_everything_around_me
Temple:   compressed_dpeg_triangle_lava_temple
Lair:1:   minmay_lair_venomous_thicket, layout_loops_ring,
          minmay_lair_oklob_chamber
Lair:2:   layout_regular_city, swamp_mist, spider_nest_entry_rubble,
          serial_bayou, serial_bayou_lake_a, serial_bayou_pond_c,
          serial_bayou_shore_b, serial_bayou_lagoon_a, gammafunk_lair_bear_cave
Lair:3:   minmay_lair_oklob_tunnel, layout_misc_corridors, serial_bayou_shore_b
Lair:4:   layout_loops_ring, minmay_holes, nzn_random_ring, grunt_megastairs_2
Lair:5:   layout_roguey
Lair:6:   evilmike_catoblepas_cave, layout_regular_city,
          dpeg_slime_entry_enclosed_altar, fungi_pond_lemuel,
          chequers_serial_rivers_small_b, infiniplex_staircase_pool, uniq_urug
Swamp:1:  layout_basic_swamp, nicolae_swamp_feature_on_the_river_bank,
          swamp_pool4, statue_in_the_mist_lemuel
Swamp:2:  layout_basic_swamp, evilmike_swamp_ruin_house_2, swamp_pool1
Swamp:3:  layout_falls_marsh, gammafunk_ghost_cemetery, evilmike_swamp_ruin_wall
Swamp:4:  swamp, layout_basic_swamp
Spider:1: layout_chambers
Spider:2: layout_spider_delve
Spider:3: layout_spider_delve, uniq_roxanne
Spider:4: grunt_spider_rune_parallel, nicolae_spider_shape
Slime:1:  layout_caves, basic_altar
Slime:2:  layout_caves
Slime:3:  layout_caves
Slime:4:  layout_caves, nicolae_slime_phagocytosis
Orc:1:    gammafunk_beogh_shrine, layout_caves, basic_altar,
          david_defended_altar_orc, uniq_jorgrun, uniq_erolcha, uniq_sonja,
          uniq_josephine
Orc:2:    st_orc_rangers, layout_caves, basic_altar
Elf:1:    eino_elf_arrival_sip, layout_geoelf_octagon, minivault_28,
          hangedman_elf_targetted_burst, uniq_frances
Elf:2:    layout_loops_corners, gammafunk_ghost_abyssal_escape, serial_shops,
          shop
Elf:3:    elf_hall, layout_loops_ring, hex_tiny, patterned_corridor
Vaults:1: ebering_vaults_ghost_reflecting_pool, nicolae_vaults_little_squares_1,
          v_misc_31, v_misc_1, dpeg_vaults_monster_box, v_misc_26, st_diamondy,
          ontoclasm_vaults_bender, ontoclasm_vaults_ring_small, v_misc_15,
          nicolae_vaults_specimen_jars, hangedman_vaults_variations,
          nicolae_vaults_windows_and_doors_thing, vaults_dpeg_hooks,
          layout_vaults_big_cross
Vaults:2: v_misc_19, v_alt_pattern_6, nicolae_vaults_network_quincunx
          [nicolae_vaults_network_quincunx_subvault,
          nicolae_vaults_network_quincunx_subvault,
          nicolae_vaults_network_quincunx_subvault,
          nicolae_vaults_network_quincunx_subvault,
          nicolae_vaults_network_quincunx_subvault], vaults_mumra_hexcomb,
          vaults_room_octagon, hangedman_vaults_capsules,
          hangedman_vaults_nails, nicolae_vaults_stairing_the_circle,
          minmay_crypt_entry_simple_statues, ontoclasm_vaults_idyll,
          vaults_room_guarded_vault, layout_vaults_maze, serial_shops, shop
Vaults:3: ontoclasm_vaults_fault, nicolae_vaults_little_squares_4,
          hangedman_vaults_trim, v_rooms_4, vaults_mumra_hex,
          nicolae_vaults_three_branches, layout_vaults_omnigrid, uniq_donald,
          uniq_sojobo
Vaults:4: advil_vaults_ghost_guards, vaults_dpeg_cross, v_misc_23, v_rooms_5,
          grunt_vaults_twisty, dpeg_vaults_monster_row, hangedman_vaults_unwind,
          nicolae_vaults_shelves_hall, hangedman_vaults_river_flow,
          special_room_vaults [special_room_orc], v_alt_pattern_3,
          hangedman_vaults_cutoff, nicolae_vaults_diagonal_hallway_6,
          hangedman_vaults_corner_blocks, nicolae_vaults_diagonal_hallway_9,
          v_misc_22, vaults_room_stairs_pillars, layout_vaults_omnibox
Vaults:5: serial_shops
Depths:1: layout_cave_pools, abyss_entry, hangedman_abyss_or_decor_clamps,
          hell_entry, serial_shops, nicolae_shop_waterfront,
          grunt_pan_entry_zigzag, grunt_ministairs_2, kennysheep_crisscross,
          minmay_misc_feat_nine_boxes
Depths:2: grunt_bent_corner, layout_small_grid, hell_entry,
          minmay_misc_feat_tower, rand_demon_pan_entry_9,
          nicolae_abyss_entry_one_way_or_another
Depths:3: kennysheep_green_arena, layout_gridlike, serial_glass,
          glass_columns_b, glass_columns_b, kennysheep_path_1,
          pf_vacation_house_of_asmodeus, pan_entry, gammafunk_ghost_icy,
          uniq_bai_suzhen
Depths:4: kennysheep_funnel, layout_gridlike, hell_entry, hangedman_glass_teeth,
          abyss_entry, grunt_megastairs_3, uniq_margery
Depths:5: grunt_x_marks_the_spot, layout_cave_shapes, enter_ziggurat_e,
          hangedman_abyss_or_decor_slice, serial_shops, shop,
          rand_demon_pan_entry_7, abyss_entry, hell_entry, minmay_multi_spiral,
          uniq_jory, uniq_enchantress

Skill      XL: |  1  2  3  4  5  6  7  8  9 10 11 12 13 14 15 16 17 18 19 20 21 22 23 24 25 26 27 |
---------------+----------------------------------------------------------------------------------+-----
Dodging        | 1 2 3 4 5 6 7 8 9 10 | 10.0
Shields        | 4 5 7 8 9 10 12 13 14 15 16 17 18 19 20 21 23 | 23.0
Long Blades    | 3 4 5 6 7 8 9 10 11 12 13 14 15 16 17 19 | 19.0
Fighting       | 4 5 6 7 9 10 11 12 13 14 15 16 17 18 19 21 | 21.0
Armour         | 4 5 6 7 8 9 10 11 12 13 14 15 16 17 18 19 20 | 20.9
Evocations     | 2 3 4 5 6 7 8 9 10 11 12 13 | 13.0
Invocations    | 4 5 6 7 8 9 10 11 12 13 14 15 | 15.0
Crossbows      | 7 9 10 11 12 13 14 15 16 17 19 | 19.0
Polearms       | 12 | 12.0

Action                   |  1- 3 |  4- 6 |  7- 9 | 10-12 | 13-15 | 16-18 | 19-21 | 22-24 | 25-27 || total
-------------------------+-------+-------+-------+-------+-------+-------+-------+-------+-------++-------
Melee: Long sword        |   119 |   209 |   298 |   573 |       |       |       |       |       ||  1199
       Great sword       |       |       |       |   114 |   994 |   161 |       |       |       ||  1269
       Triple sword      |       |       |       |       |       |   933 |  1159 |   903 |  1606 ||  4601
       Scimitar          |       |       |       |       |       |   109 |     7 |       |       ||   116
       Lance             |       |       |       |       |       |       |       |    72 |   118 ||   190
 Fire: Arbalest          |       |       |       |    96 |   292 |   428 |   403 |    17 |       ||  1236
       Hand crossbow     |       |       |       |       |       |       |     4 |       |       ||     4
       Triple crossbow   |       |       |       |       |       |       |       |   275 |   710 ||   985
Invok: Heroism           |       |       |       |    10 |    12 |    10 |     2 |    13 |    12 ||    59
       Finesse           |       |       |       |     3 |     7 |     9 |     2 |    10 |    12 ||    43
 Abil: Dig               |       |       |     1 |     6 |     8 |     4 |    17 |    13 |     5 ||    54
Evoke: Wand              |       |       |       |     3 |     2 |       |       |       |       ||     5
       Lightning rod     |       |       |       |       |     5 |       |       |       |     8 ||    13
       Tin of tremorston |       |       |       |       |     3 |       |     1 |     1 |     5 ||    10
       Condenser vane    |       |       |       |       |       |       |       |       |     6 ||     6
       Box of beasts     |       |       |       |       |       |       |       |       |     4 ||     4
       Phial of floods   |       |       |       |       |       |       |       |       |     1 ||     1
       Phantom mirror    |       |       |       |       |       |       |       |       |     1 ||     1
  Use: Scroll            |     3 |     6 |     7 |    12 |     7 |    16 |     5 |    18 |    11 ||    85
       Potion            |       |       |     4 |     7 |       |     1 |     1 |     1 |     2 ||    16
 Stab: Confused          |       |       |       |       |       |     1 |       |       |       ||     1
       Distracted        |       |       |       |       |       |       |     1 |       |     3 ||     4
       Held in net/web   |       |       |       |       |       |       |       |       |     2 ||     2
       Invisible         |       |       |       |       |       |       |       |       |     1 ||     1
Armor: Chain mail        |    54 |    62 |     7 |       |       |       |       |       |       ||   123
       Scale mail        |       |       |    31 |       |       |       |       |       |       ||    31
       Plate armour      |       |       |    66 |   261 |   296 |    97 |       |       |       ||   720
       Crystal plate arm |       |       |       |       |       |   438 |   601 |    56 |       ||  1095
       Gold dragon scale |       |       |       |       |       |       |       |   253 |   838 ||  1091
Dodge: Dodged            |    25 |    39 |    70 |   151 |   452 |   513 |   463 |   300 |   556 ||  2569
Block: Kite shield       |    77 |   107 |   149 |   433 |   701 |   315 |       |       |   739 ||  2521
       Tower shield      |       |       |       |       |       |  1177 |  1525 |   964 |  1051 ||  4717
       Reflection        |       |       |       |       |       |       |       |       |    58 ||    58
       Rpst.: Long sword |    10 |     9 |    14 |    28 |       |       |       |       |       ||    61
       Great sword       |       |       |       |     9 |    86 |    14 |       |       |       ||   109
       Triple sword      |       |       |       |       |       |    64 |    90 |    45 |    89 ||   288
       Scimitar          |       |       |       |       |       |     4 |       |       |       ||     4

Table legend: (Time is in decaauts)
 A = Elapsed time spent in this place.
 B = Non-inter-level travel time spent in this place.
 C = Inter-level travel time spent in this place.
 D = Time resting spent in this place.
 E = Time spent auto-exploring this place.
 F = Levels seen in this place.
 G = Mean time per level.
                   A        B        C        D        E       F      G
               +--------+--------+--------+--------+--------+-----+--------+
         Total |  65212 |  59103 |   6109 |   2083 |  40065 |  52 | 1254.1 |
       Dungeon |  17334 |  15012 |   2322 |     85 |  10905 |  15 | 1155.6 |
        Temple |    475 |    439 |     36 |      0 |    438 |   1 |  475.0 |
          Lair |   8427 |   7442 |    985 |    419 |   5099 |   6 | 1404.5 |
         Swamp |   5345 |   5015 |    330 |    462 |   3338 |   4 | 1336.2 |
   Spider Nest |   6206 |   5845 |    361 |    111 |   3972 |   4 | 1551.5 |
    Slime Pits |    447 |    412 |     35 |     42 |    178 |   4 |  111.8 |
  Orcish Mines |   2344 |   1955 |    389 |     28 |   1236 |   2 | 1172.0 |
   Elven Halls |   4125 |   3845 |    280 |    194 |   2486 |   3 | 1375.0 |
        Vaults |   9344 |   8752 |    592 |    429 |   5815 |   5 | 1868.8 |
        Depths |   9717 |   8943 |    774 |    293 |   5813 |   5 | 1943.4 |
         Abyss |    504 |    504 |      0 |      0 |    235 |   1 |  504.0 |
        Bailey |    324 |    324 |      0 |      0 |    120 |   1 |  324.0 |
      Gauntlet |    612 |    612 |      0 |     19 |    428 |   1 |  612.0 |
               +--------+--------+--------+--------+--------+-----+--------+

Top non-repeatable levels by time:
Vaults:4: 2371 daAuts
Depths:5: 2206 daAuts
Depths:2: 2196 daAuts
Depths:3: 2127 daAuts
Spider:4: 2104 daAuts
Vaults:1: 2100 daAuts
Vaults:3: 1821 daAuts
 Swamp:2: 1787 daAuts
  Lair:6: 1717 daAuts
Depths:4: 1683 daAuts
Vaults:5: 1603 daAuts
   Elf:2: 1577 daAuts
  Lair:1: 1543 daAuts
Spider:1: 1536 daAuts
     D:4: 1528 daAuts
